 Dungeon Crawl Stone Soup version 0.29-a0-330-g52719c12eb (webtiles) character file.

Game seed: 857105125477991483

160 rabbitsville the Digger (level 4, -1/33 HPs)
             Began as a Demigod Earth Elementalist on Apr 11, 2022.
             Slain by a water moccasin (6 damage)
             ... on level 3 of the Dungeon on Apr 12, 2022.
             The game lasted 00:08:56 (2057 turns).

rabbitsville the Digger (DgEE)                      Turns: 2057, Time: 00:08:57

Health: -1/33      AC:  2    Str:  9    XL:     4   Next: 96%
Magic:  6/15       EV: 12    Int: 21    God:
Gold:   68         SH:  0    Dex: 14    Spells: 15/16 levels left

rFire   . . .      SeeInvis .   f - +1 dagger (drain)
rCold   . . .      Faith    .   (no shield)
rNeg    . . .      Spirit   .   b - +0 robe
rPois   .          Reflect  .   (no helmet)
rElec   .          Harm     .   (no cloak)
rCorr   .          Rampage  .   (no gloves)
Will    +....                   (no boots)
Stlth   ++........              (no amulet)
HPRegen 0.11/turn               h - ring of flight
MPRegen 0.14/turn               o - ring of willpower

@: mighty, lethally poisoned (-1 -> -7), flying, unable to read
A: high MP 1, forlorn, divine attributes, inability to read while threatened
a: no special abilities


You were on level 3 of the Dungeon.
You visited 1 branch of the dungeon, and saw 3 of its levels.

You collected 68 gold pieces.

Inventory:

Hand Weapons
 f - a +1 dagger of draining (weapon)
Missiles
 a - 114 stones
Armour
 b - a +0 robe (worn)
Jewellery
 h - a ring of flight (left hand)
 m - a ring of protection from fire
 o - a ring of willpower (right hand)
 p - an amulet of guardian spirit
Wands
 n - a wand of digging (7)
 s - a wand of iceblast (9)
Scrolls
 d - 3 scrolls of identify {unknown}
 e - a scroll of enchant weapon {unknown}
 g - a scroll of teleportation {unknown}
 k - a scroll of torment {unknown}
 l - a scroll of blinking {unknown}
 r - a scroll of summoning {unknown}
 v - 2 scrolls of fog {unknown}
Potions
 c - a potion of magic
 i - a potion of haste {unknown}
 j - 3 potions of mutation
 q - a potion of experience
 t - a potion of heal wounds {unknown}


   Skills:
 - Level 1.7 Dodging
 - Level 1.7 Stealth
 * Level 6.7 Spellcasting
 - Level 1.6 Transmutations
 * Level 7.6 Earth Magic


You had 15 spell levels left.
You knew the following spells:

 Your Spells              Type           Power      Damage    Failure   Level
a - Sandblast             Erth           78%        2d17      1%          1

Your spell library contained the following spells:

 Spells                   Type           Power      Damage    Failure   Level
 Passwall                 Tmut/Erth      21%        N/A       1%          2
 Stone Arrow              Conj/Erth      46%        3d9       6%          3
 Petrify                  Tmut/Erth      26%        N/A       13%         4
 Blink                    Tloc           14%        N/A       14%         2
 Manifold Assault         Tloc           7%         N/A       94%         5
 Storm Form               Tmut/Air       5%         N/A       100%        7


Dungeon Overview and Level Annotations

Branches:
Dungeon (3/15)

Annotations:
D:3 Sigmund


Innate Abilities, Weirdness & Mutations

You have an increased reservoir of magic. (+10% MP)
You shall have no god before yourself.
Your divine heritage dramatically boosts your attributes as you level up.
You sometimes lose the ability to read scrolls when taking damage.


Message History

You now have 65 gold pieces (gained 1).
You now have 66 gold pieces (gained 1).
You now have 67 gold pieces (gained 1).
There is a faded altar of an unknown god here.
You now have 68 gold pieces (gained 1).
There is an escape hatch in the floor here.
A water moccasin comes into view.
Sigmund and an endoplasm come into view.
The endoplasm quivers.
The water moccasin hisses angrily.
The blast of sand misses the water moccasin.
The blast of sand hits the water moccasin.
The water moccasin is lightly wounded.
The water moccasin bites you. x2
You are lethally poisoned!
The water moccasin poisons you!
The blast of sand hits the water moccasin!
The water moccasin is heavily wounded.
You feel very sick. The water moccasin closely misses you.
You are too injured to fight recklessly!
It was a potion of mutation.
You feel extremely strange.
You lose the ability to read scrolls when threatened.
You feel very sick. The water moccasin bites you.
* * * LOW HITPOINT WARNING * * *
It was a potion of experience.
You feel more experienced!
Your Spellcasting skill gained 4 levels and is now at level 6!
Your Earth Magic skill gained 4 levels and is now at level 7!
You have reached level 4!
* * * LOW HITPOINT WARNING * * *
You feel sick. The water moccasin barely misses you.
The water moccasin bites you but does no damage.
It was a potion of might.
You feel very mighty all of a sudden.
* * * LOW HITPOINT WARNING * * *
You feel sick. The water moccasin bites you.
You feel threatened and lose the ability to read scrolls!
You die...

..# ..# ..# #
..# #. ..#
#.. ..#
.#...####..#
....@JS....#
#...##@..## #
#>### ##...##
#.....#
#.≈≈≈.#
#.≈_≈.#
#.≈≈≈.#
#.....#######
##.##........


You could see a water moccasin, Sigmund and an endoplasm.

Vanquished Creatures
  A hound (D:3)
  An adder (D:3)
  A worm (D:2)
  2 dart slugs
  A ball python (D:1)
  3 endoplasms (D:1)
  4 giant cockroaches
  2 goblins (D:1)
  A hobgoblin (D:2)
  2 kobolds (D:1)
  A quokka (D:2)
  8 bats
  A frilled lizard (D:2)
  5 rats
33 creatures vanquished.

Notes
Turn   | Place    | Note
-------+----------+-------------------------------------------
     0 | D:1      | rabbitsville the Demigod Earth Elementalist began the quest
                  | for the Orb.
     0 | D:1      | Reached XP level 1. HP: 14/14 MP: 5/5
   193 | D:1      | Reached skill level 1 in Transmutations
   785 | D:1      | Reached XP level 2. HP: 20/20 MP: 7/7
   841 | D:1      | Reached skill level 3 in Earth Magic
  1672 | D:2      | Upgraded the game from 0.29-a0-323-g050149af67 to
                  | 0.29-a0-330-g52719c12eb
  1759 | D:2      | Reached XP level 3. HP: 26/26 MP: 9/9
  2048 | D:3      | Noticed a water moccasin
  2051 | D:3      | Noticed Sigmund
  2055 | D:3      | Gained mutation: You sometimes lose the ability to read
                  | scrolls when taking damage. [potion of mutation]
  2056 | D:3      | Reached skill level 7 in Earth Magic
  2056 | D:3      | Reached XP level 4. HP: 8/33 MP: 6/15
  2057 | D:3      | Slain by a water moccasin

Illustrated notes

Levels and vault maps discovered:
D:1:      dpeg_arrival_oval, layout_rooms,
          nicolae_concentric_dashed_squares_wild
D:2:      layout_basic
D:3:      layout_loops_ring, hellmonk_ecumenical_altar_pennies_from_heaven,
          dreamdust_princess_corridor, uniq_robin, uniq_sigmund

Skill      XL: |  1  2  3 |
---------------+----------+-----
Transmutations | 1 |  1.6
Spellcasting   | 2 6 |  6.7
Earth Magic    | 3 7 |  7.6
Dodging        | |  1.7
Stealth        | |  1.7

Action                   |  1- 3 |  4- 6 || total
-------------------------+-------+-------++-------
Melee: Short sword       |    23 |       ||    23
       Dagger            |    41 |       ||    41
 Cast: Sandblast         |    11 |       ||    11
  Use: Potion            |     2 |     1 ||     3
 Stab: Sleeping          |     5 |       ||     5
Armor: Robe              |    14 |     1 ||    15
Dodge: Dodged            |    27 |     1 ||    28

Table legend: (Time is in decaauts)
 A = Elapsed time spent in this place.
 B = Non-inter-level travel time spent in this place.
 C = Inter-level travel time spent in this place.
 D = Time resting spent in this place.
 E = Time spent auto-exploring this place.
 F = Levels seen in this place.
 G = Mean time per level.
                   A        B        C        D        E       F      G
               +--------+--------+--------+--------+--------+-----+--------+
         Total |   2055 |   1993 |     62 |    662 |    835 |   3 |  685.0 |
       Dungeon |   2055 |   1993 |     62 |    662 |    835 |   3 |  685.0 |
               +--------+--------+--------+--------+--------+-----+--------+

Top non-repeatable levels by time:
     D:1: 1395 daAuts
     D:2: 478 daAuts
     D:3: 181 daAuts
